 Dungeon Crawl Stone Soup version 0.16.2-3-ga078185 (webtiles) character file.

128 gorblad the Sneak (level 5, -2/35 HPs)
             Began as an Octopode Assassin on Sept 7, 2015.
             Slain by an orc
             ... wielding a +0 club
              (5 damage)
             ... on level 3 of the Dungeon.
             The game lasted 00:07:47 (2436 turns).

gorblad the Sneak (Octopode Assassin)               Turns: 2436, Time: 00:07:47

Health: -2/35      AC:  1    Str: 11    XL:     5   Next: 12%
Magic:  5/5        EV: 12    Int: 13    God:
Gold:   121        SH:  0    Dex: 14    Spells: 0 memorised, 4 levels left

rFire  . . .     SeeInvis .     p - +1 dagger (drain)
rCold  . . .     Clarity  .     (no shield)
rNeg   . . .     SustAb   .     (helmet restricted)
rPois  +         Gourm    .     (no amulet)
rElec  .         Spirit   .     q - ring of poison resistance
rCorr  .         Warding  .     (no ring)
rMut   .         Stasis   .     (no ring)
MR     .....                    (no ring)
Stlth  +++++.....               (no ring)
                                (no ring)
                                (no ring)
                                (no ring)

@: about to teleport, not resistant to hostile enchantments, quite stealthy
A: almost no armour, amphibious, 8 rings, constrict 8, camouflage 1, gelatinous
body 1
a: no special abilities


You were on level 3 of the Dungeon.
You were not hungry.

You visited 1 branch of the dungeon, and saw 3 of its levels.

You collected 121 gold pieces.

Inventory:

Hand weapons
 a - a +2 dagger
 b - a +0 blowgun
 p - a +1 dagger of draining (weapon)
Missiles
 e - 8 poisoned needles
 f - 2 curare-tipped needles
Jewellery
 q - a ring of poison resistance (left tentacle)
Scrolls
 c - 2 scrolls of magic mapping
 h - a scroll of fog
 i - a scroll of teleportation
 n - a scroll of remove curse {unknown}
 s - 3 scrolls of identify
Potions
 d - 3 potions of haste {unknown}
 j - a potion of might {unknown}
 l - 3 potions of ambrosia {unknown}
 o - a potion of restore abilities {unknown}
 r - 2 potions of curing {unknown}
 t - a potion of poison {unknown}
Comestibles
 g - 2 bread rations
 k - a meat ration
 m - a beef jerky


   Skills:
 + Level 2.6 Fighting
 + Level 2.4 Short Blades
 + Level 2.1 Throwing
 + Level 1.6 Dodging
 + Level 7.6 Stealth


You had 4 spell levels left.
You didn't know any spells.

Dungeon Overview and Level Annotations

Branches:
Dungeon (3/15)

Altars:
Gozag


Innate Abilities, Weirdness & Mutations

You cannot wear most types of armour.
You are amphibious.
You can wear up to eight rings at the same time.
You can use your tentacles to constrict many enemies at once.
Your skin changes colour to match your surroundings (Stealth).
Your rubbery body absorbs attacks (AC +1).


Message History

The orc is severely wounded.
You constrict the orc, but do no damage.
The orc misses you.
You closely miss the orc. You grab the orc.
You constrict the orc, but do no damage.
You constrict the orc. The orc closely misses you.
You hit the orc. You drain the orc!
The orc is heavily wounded.
You constrict the orc, but do no damage.
You constrict the orc. The orc hits you with a club.
* * * LOW HITPOINT WARNING * * *
The orc barely misses you.
The orc wizard mumbles some strange words.
The orc wizard seems to speed up.
Read which item? (? for menu, Esc to quit)
As you read the scroll of teleportation, it crumbles to dust.
You feel strangely unstable.
You constrict the orc, but do no damage.
You constrict the orc. The orc hits you with a club.
You die...

.#.##.#.######.#.# ...##.#.#
#.#.# #####.#.# #.#.#
....#.#.# #(#.#
##.##.#.######.#.######
...................>..#
......#.######.#.####.# ##
......#.# #.#.# #.# .(
......+.# #)#@####.#.######
......########.#oo..o.........
......# #.......(......######
......# #..............# .
###.# #..............# .
...#######........ $..
.........# . .........S#
..........


You could see an orc wizard and 2 orcs.

Vanquished Creatures
  An orc priest (D:3)
  4 adders (D:2)
  3 giant geckos
  An ooze (D:1)
  2 orcs (D:3)
  A ball python (D:2)
  2 giant cockroaches
  8 goblins
  6 hobgoblins
  4 jackals (D:2)
  8 kobolds
  2 quokkas
  5 bats
  2 giant newts
  5 rats
54 creatures vanquished.

Notes
Turn   | Place    | Note
--------------------------------------------------------------
     0 | D:1      | gorblad, the Octopode Assassin, began the quest for the Orb.
     0 | D:1      | Reached XP level 1. HP: 14/14 MP: 1/1
   173 | D:1      | Reached XP level 2. HP: 14/19 MP: 2/2
   453 | D:1      | Reached skill level 6 in Stealth
  1026 | D:2      | Reached XP level 3. HP: 24/24 MP: 3/3
  1068 | D:2      | Found an opulent altar of Gozag.
  1483 | D:2      | Reached XP level 4. HP: 28/30 MP: 4/4
  1587 | D:2      | Reached skill level 7 in Stealth
  2422 | D:3      | Reached XP level 5. HP: 35/35 MP: 5/5
  2436 | D:3      | Slain by an orc

Action                   |  1- 3 |  4- 6 || total
-------------------------+-------+-------++-------
Melee: Dagger            |    54 |    45 ||    99
  Use: Scroll            |     4 |     1 ||     5
 Stab: Sleeping          |    14 |     5 ||    19
  Eat: Chunk             |     2 |       ||     2
       Beef jerky        |       |     2 ||     2
